 Dungeon Crawl Stone Soup version 0.26.0-20-g3ca415f5b8 (webtiles) character file.

Game seed: 5449764871538286785

13153 roke1 the Grappler (level 11, -3/107 HPs)
             Began as a Troll Gladiator on Jan 25, 2021.
             Was an Elder of Uskayaw.
             Slain by a nine-headed hydra (13 damage)
             ... on level 2 of the Lair of Beasts on Jan 26, 2021.
             The game lasted 00:19:37 (9806 turns).

roke1 the Grappler (Troll Gladiator)                Turns: 9806, Time: 00:19:37

Health: -3/107     AC:  8    Str: 24    XL:     11   Next: 71%
Magic:  14/14      EV: 12    Int:  7    God:    Uskayaw [****..]
Gold:   551        SH: 15    Dex: 11    Spells: 10/10 levels left

rFire    + . .     SeeInvis .     - Unarmed
rCold    . . .     Faith    .   A - +0 kite shield
rNeg     . . .     Spirit   .   a - +0 robe
rPois    .         Reflect  +   b - +1 hat
rElec    .         Harm     .   y - +0 cloak
rCorr    .         Rampage  .   (gloves unavailable)
Will     +....                  (boots unavailable)
Stlth    +.........             H - amulet of reflection
HPRegen  0.67/turn              j - ring of protection from fire
MPRegen  0.14/turn              q - ring of willpower

@: no status effects
A: large, unfitting armour, claws 3, regeneration 1, shaggy fur 1, tough skin 3
a: Renounce Religion, Stomp, Line Pass


You were on level 2 of the Lair of Beasts.
You worshipped Uskayaw.
Uskayaw was noncommittal.
You visited 3 branches of the dungeon, and saw 13 of its levels.

You collected 551 gold pieces.

Inventory:

Missiles
 c - 5 throwing nets (quivered)
Armour
 a - a +0 robe (worn)
 b - a +1 hat (worn)
 y - a +0 cloak (worn)
 A - a +0 kite shield (worn)
Jewellery
 j - a ring of protection from fire (left claw)
 q - a ring of willpower (right claw)
 H - an amulet of reflection (around neck)
Wands
 l - a wand of acid (4)
 v - a wand of flame (9)
 w - a wand of polymorph (15)
 F - a wand of disintegration (10)
 G - a wand of enslavement (10)
 K - a wand of random effects (12)
Scrolls
 e - 3 scrolls of immolation
 g - 7 scrolls of identify
 h - a scroll of enchant weapon {unknown}
 k - 4 scrolls of enchant armour
 o - a scroll of noise {unknown}
 r - 3 scrolls of remove curse
 s - 2 scrolls of blinking {unknown}
 t - a scroll of teleportation
 u - a scroll of amnesia {unknown}
 C - a scroll of fear {unknown}
 D - a scroll of brand weapon {unknown}
Potions
 d - 8 potions of curing
 f - 3 potions of brilliance
 i - a potion of ambrosia
 m - 4 potions of might
 n - 2 potions of lignification
 p - a potion of resistance
 x - a potion of magic
 z - a potion of cancellation {unknown}
 B - 2 potions of invisibility {unknown}
 E - 2 potions of attraction {unknown}
 I - 2 potions of haste {unknown}
 J - a potion of degeneration {unknown}
 L - a potion of flight {unknown}


   Skills:
 + Level 6.6 Fighting
 - Level 1.7 Throwing
 + Level 6.9 Dodging
 * Level 7.5 Shields
 * Level 11.1 Unarmed Combat
 + Level 6.2 Invocations


You had 10 spell levels left.
You didn't know any spells.
Your spell library contained the following spells:

 Spells                   Type           Power        Failure   Level
 Confusing Touch          Hex            0%           88%         3
 Dazzling Flash           Conj/Hex       0%           88%         3
 Gell's Gravitas          Tloc           0%           88%         3
 Petrify                  Tmut/Erth      0%           99%         4
 Irradiate                Conj/Tmut      0%           100%        5
 Metabolic Englaciation   Hex/Ice        0%           100%        5
 Silence                  Hex/Air        0%           100%        5
 Yara's Violent Unravell  Hex/Tmut       0%           100%        5
 Orb of Destruction       Conj           0%           100%        7


Dungeon Overview and Level Annotations

Branches:
Dungeon (10/15)            Temple (1/1) D:4            Lair (2/6) D:9
  Swamp: Lair:2-4    Shoals: Lair:2-4     Snake: Lair:2-4    Spider: Lair:2-4
    Orc: D:9-12

Altars:
Ashenzari
Cheibriados
Dithmenos
Elyvilon
Fedhas
Gozag
Hepliaklqana
Kikubaaqudgha
Makhleb
Nemelex Xobeh
Okawaru
Qazlal
Ru
Sif Muna
Trog
Uskayaw
Vehumet
Wu Jian
Xom
Yredelemnul
Zin
The Shining One

Shops:
D:5 (   D:8 (

Annotations:
Lair:1 2 transporters, kaeus's ghost, journeyman GrFE


Innate Abilities, Weirdness & Mutations

You are too large for most types of armour.
You have claws for hands.
Your natural rate of healing is unusually fast.
You are covered in fur. (AC +1)
You have extremely tough skin. (AC +3)


Message History

The nine-headed hydra is severely wounded.
You hear the slow rumble of a distant avalanche of rocks.
You block the nine-headed hydra's attack.
The nine-headed hydra barely misses you.
You block the nine-headed hydra's attack.
The nine-headed hydra bites you.
The nine-headed hydra bites you but does no damage.
You block the nine-headed hydra's attack.
The nine-headed hydra misses you. The nine-headed hydra bites you.
The nine-headed hydra bites you!
* * * LOW HITPOINT WARNING * * *
You completely miss the nine-headed hydra.
The nine-headed hydra is severely wounded.
The nine-headed hydra bites you!
* * * LOW HITPOINT WARNING * * *
The nine-headed hydra bites you!
* * * LOW HITPOINT WARNING * * *
You block the nine-headed hydra's attack. x2
The nine-headed hydra bites you!
You die...

#.. .#### ... D.#.#
#... ###.# ...#####...#
#....##.....8.....
#..#.†#?......}.
#.P...## ..# P#
#......####.####. .P.
##..............#
....###.......D@.......
.........).............
...♣♣♣...♣♣♣...####.P##
#♣.♣# #♣..# ## ♣.♣ ♣..#
♣.♣ #♣..# #
.♣.♣♣♣...#.## .♣
♣.........# ♣♣
♣.♣♣♣......#


You could see a nine-headed hydra (corroded).

Vanquished Creatures
  A centaur warrior (D:8)
  2 two-headed ogres
  Nergalle (D:10)
  3 cane toads
  2 komodo dragons
  A polar bear (D:9)
  A troll (D:10)
  3 blink frogs
  2 hornets
  Sigmund (D:6)
  19 yaks
  2 wraiths (D:10)
  3 wyverns
  A basilisk (D:9)
  3 water moccasins (Lair:1)
  A sky beast (D:7)
  An orc warrior (D:8)
  2 phantoms (D:5)
  2 black bears
  5 centaurs
  3 ogres
  5 bullfrogs
  4 scorpions
  13 killer bees
  A bullfrog zombie (D:9)
  2 centaur zombies
  A quasit (D:9)
  3 hounds
  4 orc priests
  2 jellies (D:9)
  2 gnoll shamans
  9 orc wizards
  4 iguanas
  10 worker ants
  Natasha (twice) (D:3)
  2 hound skeletons
  A worker ant zombie (D:5)
  15 adders
  21 gnolls
  2 shadow imps
  3 white imps
  3 ufetubi
  4 oozes
  An adder skeleton (D:7)
  3 dart slugs
  3 leopard geckos
  26 orcs
  4 giant cockroaches
  11 hobgoblins
  11 jackals
  5 quokkas
  A ball python (D:1)
  20 bats
  5 frilled lizards
  3 goblins
  7 kobolds
  A leopard gecko skeleton (D:8)
  2 quokka skeletons
  7 rats
282 creatures vanquished.

Vanquished Creatures (others)
  A fungus (D:5)
  6 plants
7 creatures vanquished.

Grand Total: 289 creatures vanquished

Notes
Turn   | Place    | Note
-------+----------+-------------------------------------------
     0 | D:1      | roke1 the Troll Gladiator began the quest for the Orb.
     0 | D:1      | Reached XP level 1. HP: 19/19 MP: 0/0
   194 | D:1      | Reached XP level 2. HP: 28/28 MP: 1/1
   397 | D:1      | Reached XP level 3. HP: 32/35 MP: 2/2
  1095 | D:3      | Reached skill level 4 in Unarmed Combat
  1181 | D:3      | Noticed Natasha
  1184 | D:3      | Killed Natasha
  1185 | D:3      | Reached XP level 4. HP: 42/42 MP: 3/3
  1391 | D:3      | Noticed Natasha
  1611 | D:3      | Reached XP level 5. HP: 11/50 MP: 4/4
  1811 | D:3      | Killed Natasha
  2006 | D:4      | Reached skill level 5 in Unarmed Combat
  2083 | D:4      | Reached XP level 6. HP: 50/59 MP: 5/5
  2565 | D:4      | Found a staircase to the Ecumenical Temple.
  2902 | Temple   | Entered the Ecumenical Temple
  3045 | Temple   | Became a worshipper of Uskayaw the Reveller
  3088 | D:5      | Entered Level 5 of the Dungeon
  3150 | D:5      | Found Buecaefu's Antique Weapon Boutique.
  3182 | D:5      | Reached * piety under Uskayaw
  3233 | D:5      | Reached ** piety under Uskayaw
  3276 | D:5      | Reached *** piety under Uskayaw
  3296 | D:5      | Reached **** piety under Uskayaw
  3297 | D:5      | Reached skill level 6 in Unarmed Combat
  3297 | D:5      | Reached skill level 1 in Invocations
  3297 | D:5      | Reached XP level 7. HP: 37/67 MP: 6/6
  3814 | D:5      | Found an opulent altar of Gozag.
  3847 | D:5      | Reached XP level 8. HP: 47/78 MP: 8/8
  3887 | D:5      | Reached skill level 7 in Unarmed Combat
  4051 | D:5      | Reached skill level 1 in Shields
  4326 | D:5      | Reached ***** piety under Uskayaw
  4335 | D:5      | Found the +7 Singing Sword {vorpal, sonic wave}
  4589 | D:6      | Noticed Sigmund
  4596 | D:6      | Killed Sigmund
  4802 | D:6      | Found a glowing silver altar of Zin.
  5298 | D:6      | Reached XP level 9. HP: 56/85 MP: 10/10
  5334 | D:6      | Reached skill level 8 in Unarmed Combat
  5418 | D:7      | Reached skill level 5 in Dodging
  5466 | D:7      | Found a white marble altar of Elyvilon.
  5466 | D:7      | Found a broken altar of Ashenzari.
  5471 | D:7      | Found a shimmering blue altar of Sif Muna.
  5473 | D:7      | Found a bloodstained altar of Trog.
  5475 | D:7      | Found a shimmering altar of Xom.
  5876 | D:8      | Found Jelon's Weapon Emporium.
  5902 | D:8      | Identified Sehujyh's Collected Works on Floating
                  | Conjuration
  6073 | D:8      | Reached skill level 5 in Fighting
  6088 | D:8      | Noticed a centaur warrior
  6105 | D:8      | Killed a centaur warrior
  6106 | D:8      | Reached skill level 9 in Unarmed Combat
  6530 | D:9      | Reached XP level 10. HP: 92/96 MP: 12/12
  6546 | D:9      | Found a staircase to the Lair.
  6556 | D:9      | Reached skill level 5 in Shields
  7079 | D:9      | Noticed a two-headed ogre
  7390 | D:9      | Killed a two-headed ogre
  7625 | D:10     | Entered Level 10 of the Dungeon
  7780 | D:10     | Noticed Nergalle
  7790 | D:10     | Killed Nergalle
  7791 | D:10     | Reached skill level 5 in Invocations
  7859 | D:10     | Reached skill level 10 in Unarmed Combat
  8003 | D:10     | Noticed a two-headed ogre
  8017 | D:10     | Killed a two-headed ogre
  8024 | D:10     | Reached XP level 11. HP: 41/105 MP: 12/14
  8559 | Lair:1   | Entered Level 1 of the Lair of Beasts
  9042 | Lair:1   | Found a transporter.
  9055 | Lair:1   | Noticed kaeus's ghost (journeyman GrFE)
  9058 | Lair:1   | Found a bloodstained altar of Trog.
  9058 | Lair:1   | Identified the ring "Usyonloj" {Ice rN+ Dex+2}
  9064 | Lair:1   | Identified the +6 spear "Urem Ibilay" {vorpal, Dex+2}
  9064 | Lair:1   | Noticed a spriggan rider
  9066 | Lair:1   | Found a transporter.
  9134 | Lair:1   | Reached skill level 11 in Unarmed Combat
  9789 | Lair:2   | Noticed a four-headed hydra
  9806 | Lair:2   | Slain by a nine-headed hydra

Illustrated notes

Levels and vault maps discovered:
D:1:      dpeg_arrival_leaves_temple_mockup, layout_basic, serial_forest,
          infiniplex_forest_clump_curved, infiniplex_forest_clump_medium,
          infiniplex_forest_straight_2, infiniplex_forest_join,
          infiniplex_forest_clump_small, infiniplex_forest_lined_room_3,
          infiniplex_forest_straight_5, infiniplex_forest_zigzag_2,
          chequers_serial_rivers_room_b, minmay_hexomino_f4
D:2:      layout_basic
D:3:      layout_basic, uniq_natasha
D:4:      layout_loops_corners, minmay_temple_entry_tees, minmay_cut_off
D:5:      old_forge, layout_basic, serial_shops, shop,
          hangedman_abyss_or_decor_lesser_grid, chequers_serial_rivers_large_b,
          minmay_ruined_shrine
D:6:      layout_rooms, kennysheep_mini, uniq_sigmund
D:7:      layout_rooms, chequers_temple_overflow_minitemple, roderic_batcave,
          kennysheep_nondescript
D:8:      layout_cave_pods, serial_shops, shop, nicolae_straight_to_the_point
D:9:      layout_cave_pods, david_lair_generic
D:10:     layout_roguey, uniq_nergalle
Temple:   eino_temple_rhombus
Lair:1:   layout_long_grid, gammafunk_ghost_wrathful_warriors,
          grunt_megastairs_2
Lair:2:   layout_concentric_octagons, dummy_snake_entry,
          nicolae_volcano_entry_s_turn, minmay_stone_trees_medium,
          grunt_megastairs_5, lemuel_fruit_tree

Skill      XL: |  1  2  3  4  5  6  7  8  9 10 11 |
---------------+----------------------------------+-----
Fighting       | 2 3 4 5 6 |  6.6
Unarmed Combat | 4 5 6 7 9 10 11 | 11.1
Dodging        | 3 4 5 6 |  6.9
Invocations    | 1 2 3 4 5 6 |  6.2
Shields        | 3 4 6 7 |  7.5
Throwing       | |  1.7

Action                   |  1- 3 |  4- 6 |  7- 9 | 10-12 || total
-------------------------+-------+-------+-------+-------++-------
Melee: Unarmed           |   133 |   156 |   341 |   325 ||   955
       Punch             |     1 |     4 |     1 |       ||     6
Invok: Line Pass         |       |       |     3 |       ||     3
Evoke: Wand              |       |       |       |     2 ||     2
  Use: Scroll            |       |    11 |     2 |     1 ||    14
       Potion            |       |       |     3 |       ||     3
 Stab: Sleeping          |     1 |       |       |     1 ||     2
       Paralysed         |       |       |    11 |    21 ||    32
Armor: Robe              |    53 |    41 |   121 |    67 ||   282
Dodge: Dodged            |    68 |    71 |   177 |   138 ||   454
Block: Kite shield       |       |       |   154 |   201 ||   355
